 Dungeon Crawl Stone Soup version 0.26-b1-32-g5d43845318 (webtiles) character file.

Game seed: 1009200913363025694

127568 sanka the Martial Artist (level 16, -4/137 HPs)
             Began as a Grey Draconian Monk on Jan 7, 2021.
             Was a High Priest of Okawaru.
             Slain by a tengu reaver
             ... wielding a +3 great mace
              (23 damage)
             ... on level 1 of the Depths on Jan 8, 2021.
             The game lasted 01:12:20 (34520 turns).

sanka the Martial Artist (Grey Draconian Monk)     Turns: 34520, Time: 01:12:20

Health: -4/137     AC: 32    Str: 16    XL:     16   Next: 46%
Magic:  0/26       EV: 30    Int: 11    God:    Okawaru [*****.]
Gold:   20         SH:  0    Dex: 25    Spells: 16/29 levels left

rFire    . . .     SeeInvis .     - Unarmed
rCold    . . .     Faith    .   (no shield)
rNeg     + . .     Spirit   +   (armour unavailable)
rPois    .         Reflect  .   G - +2 hat {Will+}
rElec    .         Harm     .   X - +3 cloak "Dotomi" {rN+ Dex+4}
rCorr    .         Rampage  .   n - +2 pair of gloves {Dex+3}
Will     ++...                  H - +0 pair of boots
Stlth    ++++......             s - amulet of guardian spirit
HPRegen  0.32/turn              F - +4 ring of protection
MPRegen  0.20/turn              P - +4 ring of protection

@: heroism, finesse
A: walk through water, unfitting armour, unbreathing, cold-blooded, subdued
magic 1, AC +14
a: Renounce Religion, Heroism, Finesse


You were on level 1 of the Depths.
You worshipped Okawaru.
Okawaru was extremely pleased with you.
You visited 5 branches of the dungeon, and saw 25 of its levels.
You also visited: Ice Cave.

You collected 2699 gold pieces.
You spent 2679 gold pieces at shops.


Innate Abilities, Weirdness & Mutations

You can walk through water.
Your dull iron-grey scales are very hard. (AC +14)
You cannot fit into any form of body armour.
You can survive without breathing.
You are cold-blooded and may be slowed by cold attacks.
Your spells are a little easier to cast, but a little less powerful.


   Skills:
 - Level 11.2(16.2) Fighting
 - Level 12.1(17.1) Bows
 - Level 12.1(17.1) Dodging
 - Level 1.7(6.7) Stealth
 - Level 14.1(19.1) Unarmed Combat
 - Level 7.0 Spellcasting
 + Level 11.0 Transmutations
 - Level 12.0 Earth Magic
 - Level 4.0 Invocations


You had 16 spell levels left.
You knew the following spells:

 Your Spells              Type           Power        Failure   Level
z - Statue Form           Tmut/Erth      14%          21%         6
X - Dragon Form           Tmut           10%          80%         7

Your spell library contained the following spells:

 Spells                   Type           Power        Failure   Level
 Sting                    Tmut/Pois      48%          1%          1
 Petrify                  Tmut/Erth      22%          1%          4
 Stone Arrow              Conj/Erth      26%          3%          3
 Ignite Poison            Fire/Tmut/Pois 9%           10%         3
 Leda's Liquefaction      Hex/Erth       6%           12%         4
 Corona                   Hex            2%           14%         1
 Magic Dart               Conj           8%           14%         1
 Blink                    Tloc           N/A          22%         2
 Call Imp                 Summ           2%           22%         2
 Poisonous Vapours        Pois/Air       4%           22%         2
 Slow                     Hex            2%           22%         2
 Sublimation of Blood     Necr           1%           22%         2
 Hydra Form               Tmut           10%          24%         6
 Confusing Touch          Hex            2%           41%         3
 Conjure Flame            Conj/Fire      2%           41%         3
 Gell's Gravitas          Tloc           1%           41%         3
 Inner Flame              Hex/Fire       2%           41%         3
 Lesser Beckoning         Tloc           1%           41%         3
 Mephitic Cloud           Conj/Pois/Air  2%           41%         3
 Portal Projectile        Hex/Tloc       4%           41%         3
 Alistair's Intoxication  Tmut/Pois      8%           41%         5
 Irradiate                Conj/Tmut      6%           41%         5
 Yara's Violent Unravell  Hex/Tmut       6%           41%         5
 Bolt of Magma            Conj/Fire/Erth 4%           63%         5
 Cause Fear               Hex            1%           83%         4
 Olgreb's Toxic Radiance  Pois           2%           83%         4
 Iron Shot                Conj/Erth      6%           90%         6
 Eringya's Noxious Bog    Tmut/Pois      6%           94%         6
 Fireball                 Conj/Fire      1%           99%         5
 Iskenderun's Battlesphe  Conj           2%           99%         5
 Metabolic Englaciation   Hex/Ice        1%           99%         5
 Summon Demon             Summ           1%           99%         5
 Summon Forest            Summ/Tloc      1%           99%         5
 Summon Mana Viper        Hex/Summ       2%           99%         5
 Shadow Creatures         Summ           N/A          100%        6
 Starburst                Conj/Fire      1%           100%        6
 Orb of Destruction       Conj           1%           100%        7
 Spellforged Servitor     Conj/Summ      1%           100%        7
 Summon Hydra             Summ           1%           100%        7
 Ignition                 Fire           1%           100%        8
 Shatter                  Erth           11%          100%        9

Inventory:

Hand Weapons
 b - the +8 longbow "Zephyr" {speed, Dex+3 SInv} Attacks with this weapon are significantly faster. It affects your dexterity (+3). It lets you see invisible.
Missiles
 t - 2 throwing nets {=f}
 S - 6 curare-tipped darts {=f}
 W - 822 arrows
Armour
 n - a +2 pair of gloves of dexterity (worn)
 x - a scarf of resistance
 G - a +2 hat of willpower (worn)
 H - a +0 pair of boots (worn)
 X - the +3 cloak "Dotomi" (worn) {rN+ Dex+4}

   It affects your dexterity (+4).
   It protects you from negative energy.
Jewellery
 s - an amulet of guardian spirit (around neck)
 F - a +4 ring of protection (left hand)
 P - a +4 ring of protection (right hand)
 Y - an uncursed ring of see invisible
Wands
 a - a wand of enslavement (19)
 u - a wand of flame (32)
 v - a wand of iceblast (18)
 w - a wand of disintegration (48)
 y - a wand of paralysis (18)
 N - a wand of acid (15)
Scrolls
 c - 17 scrolls of remove curse
 d - a scroll of vulnerability {unknown}
 h - 5 scrolls of immolation {!r}
 i - 5 scrolls of magic mapping
 k - 4 scrolls of fog
 m - 6 scrolls of enchant weapon
 o - 2 scrolls of fear
 D - 5 scrolls of teleportation {@r4}
 O - a scroll of blinking
 V - 2 scrolls of enchant armour
 Z - 2 scrolls of identify {@r1}
Potions
 e - 7 potions of might
 f - a potion of attraction {!q}
 g - 2 potions of ambrosia
 l - 5 potions of flight
 p - 7 potions of mutation {!q}
 q - 3 potions of haste {@q3}
 r - 2 potions of resistance
 z - 8 potions of brilliance
 A - 8 potions of curing {@q1}
 C - 3 potions of heal wounds {@q2}
 E - 2 potions of magic
 L - 2 potions of invisibility
 U - 3 potions of berserk rage {!q}

Dungeon Overview and Level Annotations

Branches:
Dungeon (15/15)            Temple (1/1) D:6            Lair (6/6) D:8
 Shoals (0/4) Lair:3        Snake (0/4) Lair:3        Slime (0/5) Lair:5
    Orc (2/2) D:9             Elf (0/3) Orc:2        Vaults (0/5) D:13
 Depths (1/5) D:15          IceCv (visited)

Altars:
Ashenzari
Cheibriados
Dithmenos
Elyvilon
Fedhas
Gozag
Hepliaklqana
Kikubaaqudgha
Makhleb
Nemelex Xobeh
Okawaru
Qazlal
Ru
Sif Muna
Trog
Uskayaw
Vehumet
Wu Jian
Xom
Yredelemnul
Zin
The Shining One
Beogh

Shops:
D:4 !   D:5 =([[   D:9 ([   D:13 :*   Orc:1 !   Orc:2 **((

Portals:
Ziggurat: Depths:1

▒. ▒.▒ ....▒.▒ ▒.▒ .▒≈
....▒.▒ ▒.▒▒▒▒▒...▒≈≈
....'.▒ ▒.....+...▒≈≈
....▒.▒ ▒....▒ ...▒≈≈
....▒.▒ ▒.)..▒▒...▒≈≈
....▒.▒▒▒▒▒▒▒▒....⌠....▒▒
....▒......†.............
.......#..▒▒▒.⌠)d)..▒▒
...▒..###..▒▒..*Q...▒
.....##.##..▒▒....⌠▒▒
....##.∩.##.3▒▒3...▒
.....##.##..D......▒
...▒..###...*▒▒.▒▒▒▒
...▒▒..#....▒▒▒.▒
...▒▒▒.....▒▒ ▒.▒ ...▒
▒▒...▒▒ ▒.▒


You could see a tengu reaver, a sun demon and a battlesphere.


Message History

You hit the tengu reaver.
You tail-slap the tengu reaver, but do no damage.
You punch the tengu reaver!
The tengu reaver is severely wounded.
You hit the tengu reaver.
The tengu reaver is severely wounded.
The tengu reaver completely misses you. The tengu reaver misses you.
The tengu reaver closely misses you.
You punch the tengu reaver! You tail-slap the tengu reaver.
The tengu reaver is almost dead.
You closely miss the tengu reaver.
You tail-slap the tengu reaver, but do no damage.
The tengu reaver is almost dead.
You barely miss the tengu reaver. Your punch misses the tengu reaver.
The tengu reaver is almost dead.
You miss the tengu reaver.
The tengu reaver is almost dead.
The tengu reaver hits you with a +3 great mace.
* * * LOW HITPOINT WARNING * * *
The tengu reaver pecks you!
* * * LOW HITPOINT WARNING * * *
The tengu reaver completely misses you.
Unknown command.
Your magical contamination has completely faded away.
There is a staircase back to the Dungeon, spattered with blood here.
The tengu reaver hits you with a +3 great mace!!
You die...

Action                   |  1- 3 |  4- 6 |  7- 9 | 10-12 | 13-15 | 16-18 || total
-------------------------+-------+-------+-------+-------+-------+-------++-------
Melee: Unarmed           |   150 |   278 |   395 |  1072 |  2031 |   359 ||  4285
       Tailslap          |    19 |    30 |    52 |   227 |   386 |    78 ||   792
       Punch             |     5 |     7 |    17 |    71 |   186 |    42 ||   328
 Fire: Longbow           |       |       |       |       |    47 |       ||    47
 Cast: Statue Form       |       |       |       |       |    24 |     5 ||    29
Invok: Heroism           |       |       |     7 |    22 |    30 |     6 ||    65
       Finesse           |       |       |       |     1 |     2 |     1 ||     4
 Abil: End Transformatio |       |       |       |       |     1 |       ||     1
Evoke: Wand              |       |       |     5 |       |     2 |       ||     7
  Use: Scroll            |       |       |    13 |    12 |     6 |       ||    31
       Potion            |       |       |     3 |     4 |       |       ||     7
 Stab: Sleeping          |     9 |     5 |     8 |     6 |    14 |       ||    42
       Distracted        |       |     1 |     1 |     1 |     1 |     1 ||     5
Armor: Skin              |    54 |    64 |   103 |   203 |   613 |    86 ||  1123
Dodge: Dodged            |   126 |   160 |   304 |   804 |  2384 |   358 ||  4136

Levels and vault maps discovered:
D:1:      wander_arrival_estate, layout_loops_ring, chequers_avenue, minivault_5
D:2:      layout_basic
D:3:      layout_rooms, chequers_serial_rivers_marsh, fedhas_altar_1,
          uniq_robin, uniq_jessica
D:4:      cheibrodos_barr_body, layout_loops_ring, serial_shops,
          nicolae_shop_crystal, uniq_pikel
D:5:      layout_gridville, lemuel_crystal_altar, serial_shops, shop, shop,
          shop, shop
D:6:      layout_rooms, temple_fountains, wad_floor_pattern_2, uniq_maggie
D:7:      nzn_winding_woodlands_three_and_one [nzn_winding_woodlands_5x15_twine,
          nzn_winding_woodlands_5x15_pathside_ponds,
          nzn_winding_woodlands_5x15_lazy_stream,
          nzn_winding_woodlands_center_triple_pond], layout_cave_pools,
          uniq_joseph
D:8:      gammafunk_boulding_lane, layout_gridville, dpeg_lair_monsters,
          special_room [special_room_orc], nicolae_gozag_seed_capital
D:9:      layout_layer_cave, orc_david_3, uniq_erica
D:10:     layout_cave_pools
D:11:     wad_river_or_something, layout_loops_ring, basic_altar,
          minmay_statue_crystal_thing, uniq_maurice
D:12:     layout_stronghold, serial_bayou_pond_a, uniq_azrael, uniq_jorgrun,
          uniq_nergalle
D:13:     layout_rooms, david_vaults_5, serial_shops, shop_fountains,
          portal_ice_cave_entry_pillars_2, nicolae_transmutations_shop,
          uniq_sonja
D:14:     layout_irregular_city, basic_altar, lemuel_statue_altar,
          hangedman_decor_riveting, minivault_25_ag, grunt_livestock,
          hangedman_cracks_in_the_wall, uniq_snorg
D:15:     grunt_enter_depths_magical_seal, layout_basic,
          okawaru_ov_weapons_minmay, basic_altar
Temple:   compressed_dpeg_triangle_lava_temple
Lair:1:   lemuel_slime, layout_cave_shapes, basic_altar, beast_lair_carwin_1,
          grunt_megastairs_5
Lair:2:   layout_gridlike, serial_bayou_pond_b
Lair:3:   layout_misc_corridors, elwin_shoals_entry_rocks,
          minmay_snake_entry_six_corridors, grunt_forest_large_clearings,
          lemuel_fruit_tree, uniq_gastronok
Lair:4:   layout_regular_city
Lair:5:   layout_roguey, minmay_slime_entry_jelly_boxes,
          nicolae_quartered_pool_medium
Lair:6:   grunt_lair_end_beastmaster, layout_long_grid,
          chequers_serial_rivers_micro_b, roderic_batcave,
          nicolae_lair_yak_garden, infiniplex_staircase_pool
Orc:1:    layout_diamond_mine, serial_shops, shop
Orc:2:    st_orc_town, layout_diamond_mine
Depths:1: layout_gridlike, enter_ziggurat_c, grunt_mini_vestibule,
          dk_noncrumbling_2, minivault_16, nicolae_water_bricks,
          grunt_ministairs_1, st_stairs_5, minmay_hollow_rounded_squares,
          uniq_nikola

Notes
Turn   | Place    | Note
-------+----------+-------------------------------------------
     0 | D:1      | sanka the Draconian Monk began the quest for the Orb.
     0 | D:1      | Reached XP level 1. HP: 19/19 MP: 1/1
   211 | D:1      | Reached XP level 2. HP: 26/27 MP: 2/2
   285 | D:1      | Reached skill level 4 in Fighting
   987 | D:2      | Reached XP level 3. HP: 30/33 MP: 3/3
  1124 | D:2      | Reached skill level 4 in Unarmed Combat
  1425 | D:2      | Reached XP level 4. HP: 40/40 MP: 4/4
  1670 | D:3      | Noticed Robin
  1764 | D:3      | Killed Robin
  1852 | D:3      | Reached skill level 5 in Unarmed Combat
  1901 | D:3      | Noticed Jessica
  1908 | D:3      | Killed Jessica
  1909 | D:3      | Reached XP level 5. HP: 46/46 MP: 5/5
  1924 | D:3      | Found a blossoming altar of Fedhas.
  2448 | D:4      | Reached skill level 6 in Unarmed Combat
  2729 | D:4      | Found Usucs's Distillery.
  2781 | D:4      | Reached XP level 6. HP: 52/52 MP: 6/6
  3041 | D:4      | Reached skill level 7 in Unarmed Combat
  3043 | D:4      | Noticed Pikel
  3245 | D:4      | Killed Pikel
  3246 | D:4      | Reached skill level 9 in Unarmed Combat
  3246 | D:4      | Your scales start taking on a dull iron-grey colour.
  3246 | D:4      | Reached XP level 7. HP: 35/59 MP: 7/7
  3246 | D:4      | Gained mutation: You can survive without breathing. [Grey
                  | Draconian growth]
  3491 | D:4      | Bought a potion of heal wounds for 55 gold pieces
  3491 | D:4      | Bought a potion of curing for 33 gold pieces
  3491 | D:4      | Bought a potion of might for 44 gold pieces
  3491 | D:4      | Bought a potion of degeneration for 11 gold pieces
  3491 | D:4      | Bought a potion of flight for 33 gold pieces
  3512 | D:5      | Entered Level 5 of the Dungeon
  3579 | D:5      | Found Otiec's Jewellery Emporium.
  3715 | D:5      | Reached XP level 8. HP: 63/66 MP: 8/8
  4086 | D:5      | Found Teeck's Weapon Shoppe.
  4117 | D:5      | Reached skill level 10 in Unarmed Combat
  4117 | D:5      | Reached skill level 3 in Dodging
  4213 | D:5      | Found a burning altar of Makhleb.
  4310 | D:5      | Found Ryjongor's Antique Armour Shop.
  4333 | D:5      | Found Dur Sasiyzu's Antique Armour Shop.
  4553 | D:6      | Identified +0 swamp dragon scales
  4553 | D:6      | Noticed Maggie
  4561 | D:6      | Reached skill level 4 in Dodging
  4601 | D:6      | Killed Maggie
  4602 | D:6      | Reached skill level 5 in Dodging
  4693 | D:6      | Reached skill level 6 in Dodging
  4855 | D:6      | Reached XP level 9. HP: 60/71 MP: 9/9
  5092 | D:6      | Reached skill level 7 in Dodging
  5289 | D:6      | Found a staircase to the Ecumenical Temple.
  5387 | Temple   | Entered the Ecumenical Temple
  5642 | Temple   | Became a worshipper of Warmaster Okawaru
  5642 | Temple   | Reached * piety under Okawaru
  5642 | Temple   | Reached ** piety under Okawaru
  5723 | D:7      | Reached skill level 1 in Invocations
  6002 | D:7      | Reached skill level 2 in Invocations
  6180 | D:7      | Reached skill level 3 in Invocations
  6184 | D:7      | Reached skill level 8 in Dodging
  6228 | D:7      | Reached skill level 4 in Invocations
  6325 | D:7      | Noticed Joseph
  6350 | D:7      | HP: 2/71 [Joseph/+3 spectral quarterstaff (19)]
  6532 | D:7      | Killed Joseph
  6533 | D:7      | Reached skill level 9 in Dodging
  6695 | D:8      | Found a transporter.
  6697 | D:8      | Found a transporter.
  6698 | D:8      | Noticed a boulder beetle
  6801 | D:8      | Noticed a death yak
  6834 | D:8      | Found a staircase to the Lair.
  6834 | D:8      | Noticed a death yak
  6834 | D:8      | Noticed a death yak
  6855 | D:8      | Reached *** piety under Okawaru
  6975 | D:8      | Found a roughly hewn altar of Beogh.
  7009 | D:8      | Reached XP level 10. HP: 55/78 MP: 7/13
  7602 | D:8      | Identified a scarf of resistance (You found it on level 8
                  | of the Dungeon)
  7661 | D:8      | Reached skill level 10 in Dodging
  7694 | D:8      | Found an opulent altar of Gozag.
  7894 | D:9      | Reached skill level 5 in Fighting
  8491 | D:9      | Reached skill level 6 in Fighting
  8630 | D:9      | Noticed Erica
  8760 | D:9      | Found Tiakk's Armour Shoppe.
  8762 | D:9      | Found a staircase to the Orcish Mines.
  8795 | D:9      | Found Borph's Weapon Shoppe.
  8830 | D:9      | Reached **** piety under Okawaru
  9805 | D:9      | Killed Erica
  9806 | D:9      | Reached skill level 7 in Fighting
  9992 | D:10     | Entered Level 10 of the Dungeon
 10070 | D:10     | Identified a potion of resistance
 10085 | D:10     | Reached skill level 11 in Unarmed Combat
 10085 | D:10     | Reached XP level 11. HP: 92/92 MP: 11/14
 10446 | D:10     | HP: 2/93 [something/vampiric draining (12)]
 11396 | D:11     | Reached ***** piety under Okawaru
 11402 | D:11     | Reached skill level 8 in Fighting
 11431 | D:11     | Received a gift from Okawaru
 11569 | D:11     | Identified the Almanac of Ashen Displacement
 11958 | D:11     | Noticed a two-headed ogre
 11975 | D:11     | Killed a two-headed ogre
 11976 | D:11     | Reached skill level 11 in Dodging
 12015 | D:11     | Found a runed translucent door.
 12039 | D:11     | Found a runed translucent door.
 12053 | D:11     | Found a runed translucent door.
 12064 | D:11     | Found a runed translucent door.
 12081 | D:11     | Reached skill level 12 in Unarmed Combat
 12579 | D:11     | Noticed a five-headed hydra
 12593 | D:11     | Killed a five-headed hydra
 12732 | D:11     | Noticed a purple ugly thing
 12748 | D:11     | Killed a purple ugly thing
 12814 | D:11     | Noticed Maurice
 12816 | D:11     | Reached skill level 9 in Fighting
 12841 | D:11     | Killed Maurice
 12882 | D:11     | Found a sparkling altar of Nemelex Xobeh.
 13052 | D:5      | Bought a +4 ring of protection for 504 gold pieces
 13485 | D:11     | Noticed an orange crystal statue
 13828 | D:8      | Noticed a death yak
 13828 | D:8      | Noticed a death yak
 13852 | D:8      | Killed a death yak
 13875 | D:8      | Killed a death yak
 13876 | D:8      | Reached XP level 12. HP: 87/104 MP: 7/15
 13882 | D:8      | Killed a death yak
 13897 | D:8      | Killed a death yak
 13898 | D:8      | Reached skill level 13 in Unarmed Combat
 13907 | D:8      | Killed a death yak
 14556 | D:8      | Killed a boulder beetle
 14666 | Lair:1   | Entered Level 1 of the Lair of Beasts
 14676 | Lair:1   | Received a gift from Okawaru
 15166 | Lair:1   | Reached skill level 10 in Fighting
 15459 | Lair:1   | Found an ornate altar of the Wu Jian Council.
 15565 | Lair:1   | Learned a level 6 spell: Statue Form
 15662 | Lair:1   | Got a pair of ancient gloves
 15673 | Lair:1   | Identified the cursed +0 pair of gloves "Suole" {Harm Will+
                  | Int+4 Dex+3} (You found it on level 1 of the Lair of
                  | Beasts)
 15741 | Lair:1   | Reached skill level 12 in Dodging
 15755 | Lair:1   | Reached skill level 14 in Unarmed Combat
 16304 | Lair:1   | Reached skill level 11 in Fighting
 16549 | Lair:1   | Reached skill level 1 in Transmutations
 16549 | Lair:1   | Reached skill level 1 in Earth Magic
 16567 | Lair:1   | Reached skill level 2 in Earth Magic
 16576 | Lair:2   | Reached skill level 1 in Spellcasting
 16622 | Lair:2   | Reached skill level 2 in Transmutations
 16654 | Lair:2   | Received a gift from Okawaru
 16655 | Lair:2   | Reached skill level 3 in Earth Magic
 16828 | Lair:2   | Reached XP level 13. HP: 116/116 MP: 16/16
 16951 | Lair:2   | Reached skill level 3 in Transmutations
 17165 | Lair:2   | Reached skill level 4 in Earth Magic
 17264 | Lair:2   | Reached skill level 2 in Spellcasting
 17573 | Lair:3   | Reached skill level 4 in Transmutations
 17605 | Lair:3   | Reached skill level 5 in Earth Magic
 17911 | Lair:3   | Noticed Gastronok
 17949 | Lair:3   | Killed Gastronok
 17949 | Lair:3   | Received a gift from Okawaru
 17950 | Lair:3   | Reached skill level 3 in Spellcasting
 17950 | Lair:3   | Reached skill level 5 in Transmutations
 17950 | Lair:3   | Reached skill level 6 in Earth Magic
 18272 | Lair:3   | Reached skill level 7 in Earth Magic
 18277 | Lair:3   | Reached skill level 6 in Transmutations
 18433 | Lair:3   | Found a staircase to the Snake Pit.
 18593 | Lair:3   | Found a staircase to the Shoals.
 18710 | Lair:3   | Reached skill level 4 in Spellcasting
 19061 | Lair:3   | Got a heavily runed buckler {god gift}
 19067 | Lair:3   | Identified the +0 buckler "Luocsoym" {*Slow Regen+ SInv}
                  | (Okawaru gifted it to you on level 3 of the Lair of Beasts)
 19467 | Lair:4   | Reached skill level 8 in Earth Magic
 19748 | Lair:4   | Reached skill level 7 in Transmutations
 19948 | Lair:4   | Received a gift from Okawaru
 19949 | Lair:4   | Found the +8 longbow "Zephyr" {speed, Dex+3 SInv}
 20638 | Lair:4   | Reached skill level 9 in Earth Magic
 20778 | Lair:4   | Reached XP level 14. HP: 109/124 MP: 18/21
 21155 | Lair:5   | Found a staircase to the Slime Pits.
 21767 | Lair:5   | Reached skill level 5 in Spellcasting
 21767 | Lair:5   | Reached skill level 8 in Transmutations
 22203 | Lair:6   | Entered Level 6 of the Lair of Beasts
 22220 | Lair:6   | Received a gift from Okawaru
 22246 | Lair:6   | Got a pair of brightly glowing boots {god gift}
 22471 | Lair:6   | Reached skill level 10 in Earth Magic
 23322 | Lair:6   | Reached skill level 9 in Transmutations
 23677 | Lair:6   | Reached skill level 11 in Earth Magic
 23690 | Lair:6   | Reached skill level 6 in Spellcasting
 24754 | D:9      | Bought the +3 cloak "Dotomi" {rN+ Dex+4} for 547 gold
                  | pieces
 24775 | D:9      | Identified the +1 pair of boots "Heowu" {rCorr Int+4 Dex-5}
                  | (Okawaru gifted it to you on level 6 of the Lair of Beasts)
 24991 | D:5      | Bought 14 arrows for 36 gold pieces
 24991 | D:5      | Bought 24 arrows for 62 gold pieces
 25729 | Orc:1    | Entered Level 1 of the Orcish Mines
 26052 | Orc:2    | Entered Level 2 of the Orcish Mines
 26074 | Orc:2    | Reached skill level 10 in Transmutations
 26216 | Orc:2    | Received a gift from Okawaru
 26220 | Orc:2    | Found a staircase to the Elven Halls.
 26254 | Orc:2    | Reached skill level 7 in Spellcasting
 26254 | Orc:2    | Reached skill level 12 in Earth Magic
 26258 | Orc:2    | Reached skill level 1 in Bows
 26282 | Orc:2    | Reached skill level 2 in Bows
 26457 | Orc:2    | Found Dianlota's General Store.
 26457 | Orc:2    | Found Xog Zuxt's General Store.
 26750 | Orc:2    | Found a roughly hewn altar of Beogh.
 26927 | Orc:2    | Found Namuelit's Weapon Boutique.
 26960 | Orc:2    | Found Foasynt's Antique Weapon Shoppe.
 26973 | Orc:2    | Reached skill level 3 in Bows
 26978 | Orc:2    | Reached XP level 15. HP: 129/129 MP: 18/25
 27173 | Orc:1    | Found Tafib's Distillery.
 27191 | Orc:1    | Bought a potion of heal wounds for 80 gold pieces
 27668 | D:5      | Bought a +4 ring of protection for 504 gold pieces
 28119 | D:12     | Reached skill level 4 in Bows
 28385 | D:12     | Noticed Nergalle
 28403 | D:12     | Killed Nergalle
 28456 | D:12     | Reached skill level 5 in Bows
 28648 | D:12     | Noticed Azrael
 28671 | D:12     | Killed Azrael
 28672 | D:12     | Reached skill level 6 in Bows
 28674 | D:12     | Reached ****** piety under Okawaru
 28700 | D:12     | Received a gift from Okawaru
 29073 | D:12     | Got a polished dagger {god gift}
 29074 | D:12     | Identified the +7 dagger "Ogyo" {flame, rElec rF+} (Okawaru
                  | gifted it to you on level 12 of the Dungeon)
 29123 | D:12     | Noticed Jorgrun
 29137 | D:12     | Killed Jorgrun
 29473 | D:13     | Found Hehits's Changing Room.
 29478 | D:13     | Noticed Sonja
 29504 | D:13     | Reached skill level 7 in Bows
 29516 | D:13     | Killed Sonja
 29718 | D:13     | Found a gate to the Vaults.
 29780 | D:13     | Found a frozen archway.
 29792 | D:13     | Reached skill level 8 in Bows
 29820 | IceCv    | Entered an ice cave
 30448 | IceCv    | Reached skill level 9 in Bows
 30457 | IceCv    | Received a gift from Okawaru
 30902 | D:13     | Found Gudeimush's Book Shoppe.
 30927 | D:13     | Identified +0 steam dragon scales
 31349 | D:14     | Reached skill level 10 in Bows
 31546 | D:14     | Noticed Snorg
 31559 | D:14     | Killed Snorg
 31956 | D:14     | Reached skill level 11 in Bows
 32256 | D:14     | Reached XP level 16. HP: 95/137 MP: 14/26
 32453 | D:14     | Gained mutation: Your spells are a little easier to cast,
                  | but a little less powerful. [mutagenic glow]
 32763 | D:14     | Found a white marble altar of Elyvilon.
 32794 | D:14     | Found a shadowy altar of Dithmenos.
 32989 | D:15     | Entered Level 15 of the Dungeon
 33028 | D:15     | Found an iron altar of Okawaru.
 33107 | D:15     | Identified +0 acid dragon scales
 33148 | D:15     | Found a hazy altar of Hepliaklqana.
 33195 | D:15     | Reached skill level 12 in Bows
 33630 | D:15     | Received a gift from Okawaru
 33655 | D:15     | Found a staircase to the Depths.
 33784 | D:13     | Bought a book of Transfigurations for 770 gold pieces
 33792 | D:13     | Learned a level 7 spell: Dragon Form
 33888 | Depths:1 | Entered Level 1 of the Depths
 34347 | Depths:1 | Found a gateway to a ziggurat.
 34383 | Depths:1 | Received a gift from Okawaru
 34393 | Depths:1 | Reached skill level 11 in Transmutations
 34478 | Depths:1 | Noticed a tengu reaver
 34520 | Depths:1 | Slain by a tengu reaver

Vanquished Creatures
  Jorgrun (D:12)
  Gastronok (Lair:3)
  3 very ugly things (Depths:1)
  Azrael (D:12)
  A white draconian (IceCv)
  Snorg (D:14)
  2 ettins
  An ogre mage (D:15)
  2 boulder beetles
  6 hydras
  A vault guard (D:13)
  3 catoblepae
  5 centaur warriors
  A death knight (D:14)
  Erica (D:9)
  A deep troll shaman (Lair:6)
  10 two-headed ogres
  9 death yaks
  A tengu warrior (D:14)
  A deep troll earth mage (D:14)
  2 orc high priests
  Nergalle (D:12)
  Sonja (D:13)
  An orange crystal statue (D:11)
  3 unseen horrors
  2 wizards (D:15)
  A lindwurm (Lair:3)
  Pikel (D:4)
  7 orc knights (Orc:2)
  An orc sorcerer (Orc:1)
  4 deep elf magi
  3 manticores
  An oklob plant (Lair:1)
  A faun (Lair:3)
  8 cyclopes
  18 elephants
  2 black mambas
  11 ugly things
  Maurice (D:11)
  Joseph (D:7)
  12 cane toads
  An ice statue (IceCv)
  A gargoyle (D:15)
  Maggie (D:6)
  7 kobold demonologists
  3 rime drakes
  13 komodo dragons
  16 polar bears
  13 trolls
  A tengu conjurer (D:14)
  A polar bear (shapeshifter) (D:15)
  4 slime creatures (D:12)
  13 dream sheep
  17 blink frogs
  A hornet (D:12)
  A shadow (D:13)
  2 wraiths
  64 yaks
  3 wyverns
  A basilisk (shapeshifter) (D:13)
  7 basilisks
  2 vampires
  A steam dragon (D:13)
  4 fire elementals
  A human (D:14)
  2 vampire mosquitoes (D:15)
  9 wargs
  4 acid dragons
  24 water moccasins
  4 hell hounds (D:12)
  43 orc warriors
  8 sky beasts
  4 black bears
  An eye of draining (D:11)
  2 necrophages
  2 phantoms
  4 boggarts (Depths:1)
  4 ice beasts
  64 wolves
  10 ogres
  A lemure (D:4)
  17 centaurs
  3 big kobolds
  23 bullfrogs
  A gnoll sergeant (D:9)
  2 wyvern zombies
  7 earth elementals (D:14)
  7 scorpions
  12 killer bees
  18 wights
  2 vampire bats (Lair:6)
  2 howler monkeys
  6 electric eels
  2 bullfrog zombies
  9 hounds
  A quasit (D:5)
  3 centaur zombies
  27 jellies
  2 gnoll shamans (D:10)
  17 orc wizards
  3 centaur skeletons
  17 orc priests
  2 bullfrog skeletons
  Jessica (D:3)
  6 iguanas
  11 hell rats
  7 worker ants
  2 hound zombies
  2 hound skeletons
  A worker ant zombie (D:9)
  Robin (D:3)
  20 gnolls
  25 adders
  2 howler monkey skeletons
  A shadow imp (D:7)
  2 white imps
  18 oozes
  2 adder zombies
  3 worms
  2 dart slugs
  6 leopard geckos
  130 orcs
  3 ball pythons
  20 bats
  3 giant cockroaches
  13 goblins
  9 hobgoblins
  5 jackals
  7 quokkas
  5 frilled lizards
  A jackal skeleton (D:4)
  16 kobolds
  A leopard gecko skeleton (D:4)
  A quokka skeleton (D:5)
  A quokka zombie (D:5)
  4 rats
1012 creatures vanquished.

Vanquished Creatures (others)
  A fire elemental (D:12)
  47 fungi
  73 plants
121 creatures vanquished.

Grand Total: 1133 creatures vanquished

Table legend: (Time is in decaauts)
 A = Elapsed time spent in this place.
 B = Non-inter-level travel time spent in this place.
 C = Inter-level travel time spent in this place.
 D = Time resting spent in this place.
 E = Time spent auto-exploring this place.
 F = Levels seen in this place.
 G = Mean time per level.
                   A        B        C        D        E       F      G
               +--------+--------+--------+--------+--------+-----+--------+
         Total |  33886 |  30320 |   3566 |   7202 |  15370 |  26 | 1303.3 |
       Dungeon |  21213 |  18418 |   2795 |   4035 |   9710 |  15 | 1414.2 |
        Temple |    260 |    250 |     10 |      0 |    248 |   1 |  260.0 |
          Lair |   9377 |   8748 |    629 |   2528 |   4120 |   6 | 1562.8 |
  Orcish Mines |   1850 |   1719 |    131 |    293 |    869 |   2 |  925.0 |
        Depths |    187 |    187 |      0 |     47 |     25 |   1 |  187.0 |
      Ice Cave |    996 |    996 |      0 |    298 |    398 |   1 |  996.0 |
               +--------+--------+--------+--------+--------+-----+--------+

Top non-repeatable levels by time:
    D:11: 2646 daAuts
     D:9: 2561 daAuts
     D:8: 1957 daAuts
    D:14: 1891 daAuts
  Lair:1: 1848 daAuts
  Lair:6: 1806 daAuts
  Lair:4: 1725 daAuts
  Lair:3: 1534 daAuts
    D:10: 1410 daAuts
     D:5: 1399 daAuts
    D:12: 1374 daAuts
  Lair:2: 1259 daAuts
     D:6: 1234 daAuts
   Orc:2: 1216 daAuts
  Lair:5: 1204 daAuts
